 Dungeon Crawl Stone Soup version 0.27.1-33-g824d729ab1 (webtiles) character file.

Game seed: 596174251702111733

699 Dyss the Ruffian (level 7, -4/55 HPs)
             Began as a Palentonga Transmuter on Dec 23, 2021.
             Slain by an ogre (23 damage)
             ... on level 5 of the Dungeon.
             The game lasted 00:21:44 (6389 turns).

Dyss the Ruffian (Palentonga Transmuter)            Turns: 6389, Time: 00:21:45

Health: -4/55      AC: 13    Str: 13    XL:     7   Next: 38%
Magic:  10/10      EV: 10    Int: 15    God:
Gold:   190        SH:  0    Dex: 11    Spells: 7/10 levels left

rFire    x . .     SeeInvis +     - Unarmed
rCold    + . .     Faith    .   (no shield)
rNeg     . . .     Spirit   .   h - +0 animal skin
rPois    .         Reflect  .   i - +0 helmet
rElec    .         Harm     .   (no cloak)
rCorr    +         Rampage  .   q - +0 pair of gloves
Will     .....                  (no barding)
Stlth    +.........             (no amulet)
HPRegen  0.18/turn              l - ring of ice
MPRegen  0.12/turn              n - ring of resist corrosion

@: curled up
A: large, rugged brown scales 3, see invisible, deformed body, roll 1, armoured
tail, reflexive curl
a: Rolling Charge


You were on level 5 of the Dungeon.
You visited 1 branch of the dungeon, and saw 5 of its levels.

You collected 190 gold pieces.

Inventory:

Hand Weapons
 g - a +0 dagger
Armour
 a - a +0 robe
 h - a +0 animal skin (worn)
 i - a +0 helmet (worn)
 q - a +0 pair of gloves (worn)
Jewellery
 l - a ring of ice (left hand)
 n - a ring of resist corrosion (right hand)
Scrolls
 b - 5 scrolls of identify {unknown}
 c - 3 scrolls of teleportation {unknown}
 d - a scroll of noise {unknown}
 e - a scroll of summoning {unknown}
 f - a scroll of amnesia {unknown}
 k - a scroll of silence {unknown}
 p - a scroll of fog {unknown}
Potions
 j - 2 potions of curing {unknown}
 m - a potion of flight {unknown}
 o - a potion of heal wounds {unknown}
 r - a potion of haste {unknown}
 s - a potion of might {unknown}


   Skills:
 + Level 3.3 Fighting
 + Level 3.1 Dodging
 * Level 5.5 Unarmed Combat
 - Level 2.0 Spellcasting
 - Level 5.0 Transmutations


You had 7 spell levels left.
You knew the following spells:

 Your Spells              Type           Power      Damage    Failure   Level
a - Beastly Appendage     Tmut           32%        N/A       2%          1
b - Wereblood             Tmut           16%        N/A       4%          2

Your spell library contained the following spells:

 Spells                   Type           Power      Damage    Failure   Level
 Spider Form              Tmut/Pois      4%         N/A       24%         3
 Slow                     Hex            1%         N/A       32%         2
 Confusing Touch          Hex            1%         N/A       54%         3
 Ice Form                 Ice/Tmut       13%        N/A       61%         4
 Yara's Violent Unravell  Hex/Tmut       4%         3d4       91%         5


Dungeon Overview and Level Annotations

Branches:
Dungeon (5/15)
 Temple: D:4-7

Altars:
Uskayaw


Innate Abilities, Weirdness & Mutations

You are completely covered in rugged brown scales. (AC +3, +7% HP)
You have supernaturally acute eyesight. (SInv)
Armour fits poorly on your strangely shaped body.
You can roll at nearby foes to attack.
You have a long armoured tail.
You curl defensively after being hit.


Message History

The ogre shouts!
You hit the ogre. You headbutt the ogre.
The ogre is severely wounded.
The ogre hits you with a +0 giant spiked club!
You barely miss the ogre. You headbutt the ogre.
The ogre is almost dead.
The ogre hits you with a +0 giant spiked club!
* * * LOW HITPOINT WARNING * * *
You hit the ogre but do no damage.
Your tail-slap misses the ogre.
The ogre is almost dead.
Your transformation is almost over.
The ogre closely misses you.
You hit the ogre.
The ogre is almost dead.
You hit the ogre.
You feel a bit better.
You kill the ogre!
You climb upwards.
There is a stone staircase leading down here.
You start resting.
Your horns disappear.
Your talons disappear.
Your +0 helmet unmelds from your body.
You howl as the wereblood boils in your veins!
You howl as the wereblood boils in your veins!
Magic restored.
You howl as the wereblood boils in your veins!
Your primal bloodlust is almost over.
Your primal bloodlust has ended.
HP restored.
Things that are here:
a +0 club; a +0 flail; a +0 flail
There is a stone staircase leading down here.
You climb downwards.
The ogre hits you with a +0 giant club!
There is a stone staircase leading up, spattered with blood here.
You hit the ogre. You tail-slap the ogre.
The ogre is moderately wounded.
The ogre hits you with a +0 giant club!!
You hit the ogre.
The ogre is moderately wounded.
The ogre hits you with a +0 giant club!!
You die...

.. . .!###
.##
##...##... #
##.....#.#
#.#........#
#..........#
#....!O...#
#....@....#
##.......##
##.....##
#.....##
<..#..##
.......#
.... ...#
.######.#


You could see an ogre.

Vanquished Creatures
  Sigmund (D:2)
  3 ogres
  A hound (D:4)
  Jessica (D:2)
  An iguana (D:4)
  Robin (D:2)
  3 adders
  4 gnolls (D:4)
  2 worms (D:2)
  7 dart slugs
  An orc (D:3)
  6 ball pythons (D:1)
  8 endoplasms
  5 giant cockroaches
  15 goblins
  13 hobgoblins
  12 jackals
  7 kobolds
  5 quokkas
  10 bats
  3 frilled lizards
  A rat (D:1)
110 creatures vanquished.

Notes
Turn   | Place    | Note
-------+----------+-------------------------------------------
     0 | D:1      | Dyss the Palentonga Transmuter began the quest for the Orb.
     0 | D:1      | Reached XP level 1. HP: 16/16 MP: 3/3
   194 | D:1      | Reached XP level 2. HP: 18/22 MP: 5/5
  1052 | D:1      | Reached XP level 3. HP: 24/27 MP: 6/6
  1435 | D:1      | Found Fisergh's Armour Boutique.
  2064 | D:2      | Learned a level 2 spell: Wereblood
  2273 | D:2      | Reached XP level 4. HP: 20/34 MP: 4/7
  2476 | D:2      | Noticed Robin
  2495 | D:2      | Killed Robin
  2715 | D:2      | Reached skill level 5 in Transmutations
  2895 | D:2      | Noticed Sigmund
  2903 | D:2      | Killed Sigmund
  2904 | D:2      | Reached XP level 5. HP: 17/40 MP: 4/8
  2904 | D:2      | Reached XP level 6. HP: 20/47 MP: 4/9
  3132 | D:2      | Found a faded altar of an unknown god.
  3143 | D:2      | Noticed Jessica
  3148 | D:2      | Killed Jessica
  3412 | D:3      | Noticed a +0 hand axe
  3414 | D:3      | Noticed a +0 hand axe
  3769 | D:3      | You fall into a shaft and drop 1 floor!
  3926 | D:4      | Reached skill level 5 in Unarmed Combat
  3926 | D:4      | Gained mutation: You curl defensively after being hit.
                  | [Palentonga growth]
  3926 | D:4      | Reached XP level 7. HP: 42/54 MP: 6/10
  4943 | D:3      | Found a hide-covered altar of Uskayaw.
  5485 | D:5      | Entered Level 5 of the Dungeon
  6389 | D:5      | Slain by an ogre

Illustrated notes

Levels and vault maps discovered:
D:1:      minmay_arrival_plants_in_alcoves, layout_rooms, serial_shops, shop,
          minmay_small_reverse_x
D:2:      layout_loops_ring, shapermc_ecumenical_altar_mp_vishouse, uniq_robin,
          uniq_sigmund, uniq_jessica
D:3:      layout_basic, dancing_weapons_uskayaw
D:4:      layout_loops_cross, minmay_misc_feat_nine_boxes
D:5:      layout_loops_ring, minmay_temple_entry_nine_rooms

Skill      XL: |  1  2  3  4  5  6  7 |
---------------+----------------------+-----
Transmutations | 3 4 5 |  5.0
Fighting       | 2 3 |  3.3
Dodging        | 2 3 |  3.1
Unarmed Combat | 4 5 |  5.5
Spellcasting   | |  2.0

Action                   |  1- 3 |  4- 6 |  7- 9 || total
-------------------------+-------+-------+-------++-------
Melee: Unarmed           |   163 |   117 |    68 ||   348
       Tailslap          |    13 |    11 |     8 ||    32
       Headbutt          |     8 |    16 |     6 ||    30
       Punch             |     1 |     1 |     1 ||     3
       Kick              |    17 |    14 |    12 ||    43
 Cast: Beastly Appendage |    25 |    16 |     8 ||    49
       Wereblood         |     3 |     8 |     5 ||    16
 Abil: Rolling Charge    |     1 |    19 |       ||    20
Armor: Robe              |    95 |    13 |       ||   108
       Animal skin       |       |    22 |    33 ||    55
Dodge: Dodged            |    79 |    54 |    44 ||   177
